 Dungeon Crawl Stone Soup version 0.19.5 (webtiles) character file.

14210052 EvilAshe the Invulnerable (level 27, 249/249 HPs)
             Began as a Human Fighter on Apr 26, 2017.
             Was the Champion of the Shining One.
             Escaped with the Orb
             ... and 15 runes!
             The game lasted 07:55:22 (112126 turns).

EvilAshe the Invulnerable (Human Fighter)         Turns: 112126, Time: 07:55:22

Health: 249/249    AC: 46    Str: 24    XL:     27
Magic:  40/40      EV: 24    Int: 12    God:    the Shining One [******]
Gold:   7888       SH: 18    Dex: 22    Spells: 4 memorised, 8 levels left

rFire  + + .     SeeInvis +     a - +9 double sword (holy)
rCold  + + .     Gourm    .     x - +7 gold dragon scales
rNeg   + + +     Faith    .     p - +3 shield of Surprise {Regen+}
rPois  +         Spirit   .     K - +0 mask of the Dragon {MR+ Slay+3 SInv}
rElec  .         Reflect  .     N - +2 cloak {rC+}
rCorr  .         Harm     .     r - +2 pair of gloves {Dex+3}
MR     +++..     Rnd*Rage +     h - +2 pair of boots {run}
Stlth  ..........               L - amulet "Kodatael" {Regen+ Str+2 Int+4}
                                X - +3 ring of slaying
                                Z - ring of protection from fire

@: very slightly contaminated, hasted, glowing, repel missiles, very quick
A: berserk 1, deterioration 1, dopey 1, subdued magic 1
a: Divine Shield, Cleansing Flame, Summon Divine Warrior, Renounce Religion
0: Orb of Zot
}: 15/15 runes: serpentine, barnacled, slimy, silver, golden, iron, obsidian,
icy, bone, abyssal, demonic, glowing, magical, fiery, dark


You escaped.
You worshipped the Shining One.
The Shining One was exalted by your worship.
You were full.

You visited 18 branches of the dungeon, and saw 90 of its levels.
You visited Pandemonium 1 time, and saw 25 of its levels.
You visited the Abyss 2 times.
You visited 2 bazaars.
You also visited: Ice Cave.

You collected 13443 gold pieces.
You spent 5555 gold pieces at shops.

Inventory:

Hand Weapons
 a - a +9 double sword of holy wrath (weapon)
 b - a +9 scimitar of flaming
Armour
 e - a +1 large shield of reflection
 h - a +2 pair of boots of running (worn)
 p - the +3 shield of Surprise (worn) {Regen+}
   (You bought it in a shop on level 10 of the Dungeon)

   It increases your rate of regeneration.
 r - a +2 pair of gloves of dexterity (worn)
 x - +7 gold dragon scales (worn)
 K - the +0 mask of the Dragon (worn) {MR+ Slay+3 SInv}
   (You found it on level 7 of Tartarus)

   It affects your accuracy and damage with ranged weapons and melee attacks
   (+3).
   It affects your resistance to hostile enchantments.
   It lets you see invisible.
 N - a +2 cloak of cold resistance (worn)
Jewellery
 k - an uncursed ring of flight
 n - the ring "Plog" {Wiz *Slow +Blink rF+ Slay+3}
   (You found it on level 7 of Tartarus)

   [ring of wizardry]

   It improves your spell success rate.
   It affects your accuracy and damage with ranged weapons and melee attacks
   (+3).
   It protects you from fire.
   It lets you blink.
   It may slow you when you take damage.
 v - an uncursed ring of resist corrosion
 w - the ring of Light {Ice +Inv rElec Str-5 SInv}
   (You found it on level 7 of Cocytus)

   [ring of ice]

   It enhances your ice magic.
   It affects your strength (-5).
   It makes you vulnerable to fire.
   It protects you from cold.
   It insulates you from electricity.
   It lets you see invisible.
   It lets you turn invisible.
 G - the amulet of the Four Winds {rN+ MR+++ Clar}
   (You bought it in a shop on level 10 of the Dungeon)

   [amulet of nothing]

   It protects you from negative energy.
   It affects your resistance to hostile enchantments.
   It protects you against confusion.
 L - the amulet "Kodatael" (around neck) {Regen+ Str+2 Int+4}
   (You bought it in a shop on level 3 of the Elven Halls)

   [amulet of regeneration]

   It affects your strength (+2).
   It affects your intelligence (+4).
   It increases your rate of regeneration.
 W - a +4 ring of protection
 X - a +3 ring of slaying (right hand)
 Z - a ring of protection from fire (left hand)
Wands
 j - a wand of heal wounds (9/9)
 B - a wand of digging (24/24)
 C - a wand of heal wounds (9/9)
 I - a wand of digging (24/24)
 J - a wand of teleportation (9/9)
 U - a wand of teleportation (9/9)
 V - a wand of disintegration (24/24)
 Y - a wand of hasting (6/9)
Scrolls
 o - 34 scrolls of remove curse
 q - 4 scrolls of blinking
 t - 14 scrolls of fog
 u - 9 scrolls of fear
 y - 2 scrolls of recharging
 A - 15 scrolls of identify
 D - 12 scrolls of magic mapping
 E - 19 scrolls of teleportation
 O - 6 scrolls of summoning
 R - 2 scrolls of brand weapon
 S - a scroll of silence
Potions
 c - a potion of heal wounds
 g - 3 potions of flight
 l - a potion of ambrosia
 m - 15 potions of curing
 s - 3 potions of agility
 H - 7 potions of berserk rage
 Q - 6 potions of resistance
 T - 5 potions of might
Comestibles
 f - 37 bread rations
 i - 11 slices of pizza


   Skills:
 O Level 27 Fighting
 + Level 22.1 Long Blades
 O Level 27 Armour
 O Level 27 Dodging
 - Level 15.2 Shields
 - Level 17.0 Hexes
 - Level 5.9 Charms
 * Level 25.0 Translocations
 - Level 15.2 Air Magic
 O Level 27 Invocations


You had 8 spell levels left.
You knew the following spells:

 Your Spells              Type           Power        Failure   Level  Hunger
c - Controlled Blink      Tloc           N/A          56%         8    #######
q - Repel Missiles        Chrm/Air       ###...       4%          2    ###....
s - Silence               Hex/Air        ####......   10%         5    ######.
t - Tukima's Dance        Hex            ####....     1%          3    ####...


Dungeon Overview and Level Annotations

Branches:
Dungeon (15/15)            Temple (1/1) D:7            Lair (6/6) D:9
 Shoals (4/4) Lair:3        Snake (4/4) Lair:2        Slime (5/5) Lair:5
    Orc (2/2) D:9             Elf (3/3) Orc:2        Vaults (5/5) D:13
  Crypt (3/3) Vaults:2       Tomb (3/3) Crypt:3      Depths (5/5) D:15
   Hell (1/1)                 Dis (7/7) Hell            Geh (7/7) Hell
    Coc (7/7) Hell            Tar (7/7) Hell            Zot (5/5) Depths:5

Altars:
Ashenzari
Cheibriados
Dithmenos
Elyvilon
Fedhas
Gozag
Hepliaklqana
Kikubaaqudgha
Makhleb
Nemelex Xobeh
Okawaru
Qazlal
Ru
Sif Muna
Trog
Uskayaw
Vehumet
Xom
Yredelemnul
Zin
The Shining One
Beogh
Lugonu

Shops:
D:7 }   D:10 =?[}   Orc:2 *?[:   Elf:3 =!([   Shoals:2 ?[[(   Depths:1 [*
Depths:3 ?:   Depths:4 }==   Depths:5 %

Portals:
Hell: Depths:1 Depths:2 Depths:3 Depths:4 Depths:5
Abyss: Depths:2 Depths:4
Pandemonium: Depths:2 Depths:3

Annotations:
Lair:4 exclusion: oklob plant
Elf:2 3 runed doors
Zot:5 1 exclusion


Innate Abilities, Weirdness & Mutations

You tend to lose your temper in combat.
Your body sometimes deteriorates upon taking damage.
You are dopey. (Int -2)
Your spells are a little easier to cast, but a little less powerful.


Message History

(P) Snake Pit (M) Slime Pits (O) Orcish Mines (E) Elven Halls (V) Vaults (C) Crypt (W) Tomb (U) Depths (H) Hell (I) Dis (G) Gehenna (X) Cocytus (Y) Tartarus (Z) Zot
Where to? (Enter - D:1, ? - help)
What level of the Dungeon? (default 1, ? - help) You're already here!
A hobgoblin comes into view.
You block the hobgoblin's attack.
An infernal demonspawn comes into view. It is wielding a mace of crushing.
You chop the hobgoblin into pieces!!!
You kill the hobgoblin!
A reaper comes into view. It is wielding a scythe of venom.
Evoke which item? (* to show all) (? for menu, Esc to quit)
Zapping:
Y - a wand of hasting (7/9)
Press: ? - help, Shift-Dir - straight line, f - you You feel yourself speed up.
This wand has 6 charges left.
There is an open door here.
There is a staircase leading out of the dungeon here.
You have escaped!

......# ### #.# #.###.# #####.#
##.###.# #.##... #.# ##.#....#
#.#.... #.# ##.###.### #......
#.##### #.## ### ###....
#...#.### #.# ##########...
#...##..####'####..##........
####...####..'...'..##########..
##......# ####.@.#### ##.
........####..'...'..### #.
.###....##..####'####..## #. .#
#....#.### #.# ###.## ##.
.###..######## #.# ##.######.#
......# #.# #.# #.......##
##.##.# #.# #6# ########)#
##.##.### #.# #.# ##>
##.##.#.####.###.# ##


You could see an infernal demonspawn.

Vanquished Creatures
  Cerebov (Pan)
  Antaeus (Coc:7)
  Asmodeus (Geh:7)
  Dissolution (Slime:3)
  the Royal Jelly (Slime:5)
  Gloorx Vloq (Pan)
  Mnoleg (Pan)
  Lom Lobon (Pan)
  the Serpent of Hell (Dis:7)
  Dispater (Dis:7)
  6 ancient liches
  2 orbs of fire (Zot:5)
  A juggernaut (Depths:5)
  29 greater mummies
  13 shard shrikes
  Saint Roka (Depths:3)
  2 Killer Klowns (Zot:5)
  10 golden dragons
  14 pandemonium lords (Pan)
  Geryon (Hell)
  the Enchantress (Depths:1)
  15 bone dragons
  32 Tzitzimimeh
  13 liches
  6 doom hounds
  25 Brimstone Fiends
  An electric golem (Zot:5)
  23 Ice Fiends
  An iron giant (Dis:6)
  A hellephant (Pan)
  26 Orb Guardians
  14 Hell Sentinels
  13 tentacled monstrosities
  6 quicksilver dragons
  2 deep elf blademasters (Elf:3)
  Murray (Hell)
  2 death cobs (Zot:5)
  2 titans
  2 deep elf master archers (Elf:3)
  6 tentacled starspawn
  33 Executioners
  9 sphinxes
  9 ancient champions
  Kirke (Elf:1)
  26 acid blobs
  2 storm dragons
  11 tengu reavers
  3 draconian monks
  12 shadow dragons
  Donald (Orc:2)
  8 nagarajas
  5 revenants
  8 azure jellies
  7 fire giants
  11 blood saints (Pan)
  7 corrupters (Pan)
  3 draconian zealots
  4 deep elf sorcerers
  6 iron dragons
  9 warmongers (Pan)
  2 ghost moths
  14 frost giants
  7 draconian knights
  14 vault wardens
  4 curse skulls
  An orc warlord (D:14)
  30 cacodemons
  A ghoul (Crypt:2)
  27 balrugs
  An angel (Abyss:3)
  9 black suns (Pan)
  7 draconian annihilators
  74 large abominations
  79 reapers
  4 deep elf elementalists
  4 spriggan defenders
  3 draconian shifters
  24 stone giants
  2 entropy weavers
  2 ophanim (Abyss:3)
  14 ironheart preservers
  20 very ugly things
  8 war gargoyles
  7 vampire knights
  2 draconian callers
  5 elemental wellsprings
  7 green draconians
  4 bennus
  11 deep elf demonologists
  13 yellow draconians
  4 red draconians
  5 black draconians
  18 lorocyprocas
  A spark wasp (Depths:3)
  6 deep elf annihilators
  3 purple draconians
  A white draconian (Depths:5)
  A mottled draconian (Zot:3)
  15 ettins
  6 merfolk javelineers
  5 eidola
  17 green deaths
  31 blizzard demons
  9 death oozes
  22 mummy priests
  2 crystal guardians (Crypt:3)
  11 deep elf death magi
  A spectral kraken (Tar:7)
  19 jiangshi
  19 yaktaur captains
  14 great orbs of eyes
  7 deep elf high priests
  10 fire dragons
  12 rakshasas
  4 merfolk impalers
  7 quicksilver dragon zombies
  10 monstrous demonspawn
  17 naga warriors
  35 ice dragons
  10 hydras
  3 hell beasts
  26 vault guards
  4 catoblepae
  Erica (D:8)
  8 anacondas
  A ghost crab (shapeshifter) (Vaults:5)
  4 death knights
  2 quicksilver dragon skeletons
  A ghost crab (Tar:5)
  6 spriggan air magi
  A satyr (shapeshifter) (Depths:5)
  29 death scarabs
  27 dancing weapons
  3 merfolk aquamancers (Shoals:3)
  9 deep troll shamans
  13 centaur warriors
  A satyr (Shoals:4)
  25 ogre magi
  30 hell hogs
  11 death yaks (Lair:6)
  7 titan zombies
  9 deep troll earth magi
  10 vampire magi
  9 thrashing horrors
  7 shock serpents
  Urug (D:14)
  20 naga sharpshooters
  3 orc high priests
  6 spriggan berserkers
  29 hell knights
  65 soul eaters
  Sonja (Lair:3)
  7 storm dragon zombies
  5 titan skeletons
  17 deep elf knights
  51 sun demons
  14 shadow wraiths
  10 wretched stars
  5 iron golems
  37 sixfirhies
  2 salamander mystics (Snake:3)
  A hellephant skeleton (Crypt:2)
  A fire crab (shapeshifter) (Depths:5)
  5 unseen horrors
  11 iron trolls
  5 storm dragon skeletons
  4 spatial maelstroms
  A golden dragon zombie (Coc:6)
  42 shadow demons
  3 ghost moth zombies
  8 anaconda zombies
  30 deep trolls
  7 infernal demonspawn (Pan)
  13 deep elf archers
  8 glowing orange brains
  A glowing orange brain (shapeshifter) (D:13)
  167 skeletal warriors
  5 sea snakes
  A spectral hydra (Depths:2)
  13 flayed ghosts
  10 ironbrand convokers
  8 wizards
  3 orange crystal statues
  4 shadow dragon zombies
  10 harpies
  13 gelid demonspawn (Pan)
  7 golden dragon skeletons
  9 hill giants
  12 anaconda skeletons
  11 necromancers
  11 orc knights
  10 torturous demonspawn (Pan)
  6 frost giant zombies
  12 mana vipers
  10 naga ritualists
  7 iron dragon zombies
  48 deep elf magi
  A lindwurm (shapeshifter) (Vaults:4)
  3 orc sorcerers
  20 phantasmal warriors
  3 shadow dragon skeletons
  6 fire giant zombies
  An orb spider (shapeshifter) (Elf:1)
  5 stone giant zombies
  5 wolf spiders
  4 wolf spider zombies
  6 moths of wrath
  2 salamanders (shapeshifter)
  8 manticores
  10 fauns
  2 worldbinders
  8 oklob plants
  4 stone giant skeletons
  4 iron dragon skeletons
  16 salamanders
  6 shining eyes
  42 ugly things
  13 cyclopes
  5 elephants (Lair:6)
  4 guardian serpents
  5 sirens
  An apocalypse crab (Abyss:3)
  37 black mambas
  4 ice statues
  3 fire giant skeletons
  3 frost giant skeletons
  22 rust devils
  A shock serpent zombie (Dis:4)
  Maurice (D:13)
  10 dire elephant zombies
  9 vault sentinels
  22 naga magi
  4 water nymphs
  3 eyes of devastation
  A swamp worm zombie (Crypt:2)
  33 orange demons
  3 dire elephant skeletons
  15 molten gargoyles
  A torpor snail (shapeshifter) (Vaults:4)
  47 smoke demons
  9 spectral swamp worms (Tar:7)
  A gargoyle (D:13)
  14 spiny frogs
  3 emperor scorpion zombies
  14 komodo dragons
  2 catoblepas zombies
  A green draconian zombie (Crypt:1)
  A rime drake (Lair:6)
  6 efreet
  31 hellions
  A komodo dragon (shapeshifter) (D:13)
  48 ice devils
  67 yaktaurs
  67 tormentors
  34 freezing wraiths
  2 anaconda simulacra
  5 trolls
  2 tengu conjurers (Depths:3)
  33 red devils
  A white draconian skeleton (Crypt:2)
  31 demonic crawlers
  21 hellwings
  3 harpy zombies
  A shadow dragon simulacrum (Abyss:3)
  A troll (shapeshifter) (Vaults:2)
  A death drake zombie (Crypt:2)
  A death yak skeleton (Crypt:1)
  A wolf spider simulacrum (D:15)
  A queen bee (D:14)
  35 guardian mummies
  A jumping spider (shapeshifter) (Abyss:3)
  15 merfolk
  18 hydra zombies
  7 meliai
  2 spectral merfolk (Depths:2)
  3 ancient zymes
  3 silent spectres
  2 wind drakes (Shoals:3)
  4 harpy skeletons
  41 two-headed ogres
  5 hornets
  7 hydra skeletons
  3 polar bears
  A polar bear (shapeshifter) (D:14)
  14 raiju
  10 blink frogs
  A jumping spider zombie (Crypt:1)
  115 slime creatures
  A minotaur skeleton (Geh:2)
  6 alligator zombies
  2 ice dragon zombies
  2 ettin zombies
  13 hippogriffs
  5 snapping turtles
  9 dream sheep
  4 bog bodies
  8 fire dragon zombies
  A meliai zombie (D:11)
  A slime creature (shapeshifter) (Vaults:1)
  28 ushabtiu
  A black mamba zombie (Crypt:3)
  129 flying skulls
  An ettin skeleton (Tar:5)
  4 alligator skeletons
  A fire dragon skeleton (Coc:6)
  2 spriggans (shapeshifter)
  26 shadows
  21 water elementals
  3 air elementals
  6 redbacks
  27 ynoxinuls
  4 ice dragon skeletons
  6 spriggans
  3 basilisks
  4 hogs
  A tarantella (Vaults:4)
  33 wraiths
  3 wyverns
  16 fire elementals
  8 vampire mosquitoes
  55 yaks
  A human (D:9)
  7 fire bats
  17 golden eyes
  3 steam dragons
  4 black mamba skeletons
  58 neqoxecs
  42 chaos spawn
  6 hungry ghosts
  3 insubstantial wisps (Abyss:3)
  10 wargs
  4 mottled dragons
  49 nagas
  6 spatial vortices
  A mottled dragon (shapeshifter) (Depths:2)
  81 hell hounds
  5 spiny frog zombies
  2 merfolk zombies
  A soldier ant (shapeshifter) (Depths:3)
  A merfolk skeleton (Coc:1)
  2 floating eyes
  5 hydra simulacra
  4 spectral spriggans (Depths:2)
  A water moccasin (shapeshifter) (Vaults:5)
  14 water moccasins
  6 spectral trolls (Depths:2)
  10 ice beasts
  12 porcupines
  18 eyes of draining
  24 starcursed masses (Abyss:3)
  3 ettin simulacra
  3 black bears
  43 orc warriors
  6 spiny frog skeletons
  28 necrophages
  4 snapping turtle zombies
  A manticore zombie (Coc:1)
  90 ogres
  4 sky beasts
  4 phantoms
  An alligator simulacrum (Coc:6)
  20 boggarts
  A centaur (shapeshifter) (Vaults:3)
  2 manticore skeletons
  8 wolves
  5 snapping turtle skeletons
  A blink frog skeleton (Crypt:1)
  8 centaurs
  12 crocodiles
  4 big kobolds
  22 bullfrogs
  2 earth elementals
  An elf skeleton (Pan)
  2 spiny frog simulacra
  A wyvern skeleton (D:13)
  13 small abominations
  4 scorpions
  A hell hound skeleton (Crypt:2)
  4 spectral nagas (Depths:2)
  A spriggan zombie (Tar:1)
  2 human simulacra
  32 killer bees
  3 spectral ogres (Depths:2)
  A troll skeleton (Tomb:3)
  60 wights
  A spectral centaur (Depths:2)
  2 bullfrog zombies
  2 howler monkeys (D:5)
  13 crimson imps
  4 centaur zombies
  2 human zombies
  3 quasits
  A bullfrog skeleton (D:5)
  4 hounds
  19 jellies
  A centaur skeleton (D:5)
  24 orc priests
  A gnoll shaman (D:5)
  15 iron imps
  32 orc wizards
  Terence (D:3)
  3 human skeletons
  3 iguanas
  12 hell rats
  A lightning spire (Zot:3)
  A troll simulacrum (Depths:2)
  19 worker ants
  2 spriggan simulacra
  4 tengu zombies
  A naga zombie (Dis:7)
  A tengu skeleton (Tar:1)
  3 hound zombies
  A hound skeleton (D:6)
  42 mummies
  A howler monkey zombie (Crypt:1)
  A hell rat zombie (Crypt:1)
  A worker ant zombie (D:5)
  Robin (D:3)
  10 gnolls
  A howler monkey skeleton (D:4)
  14 adders
  A naga simulacrum (Depths:2)
  10 shadow imps
  19 white imps
  7 ufetubi
  2 worms
  6 leopard geckos
  70 orcs
  5 giant cockroaches
  16 hobgoblins
  18 jackals
  4 quokkas
  A ball python (D:4)
  21 bats
  A dart slug zombie (Crypt:2)
  8 frilled lizards
  13 goblins
  A hobgoblin zombie (Crypt:2)
  23 kobolds
  A kobold zombie (Crypt:2)
  A leopard gecko zombie (Crypt:2)
  An orc skeleton (Coc:6)
  2 orc zombies
  A quokka skeleton (D:7)
  A quokka zombie (D:9)
  40 rats
  2 crawling corpses (Vaults:5)
  A fire vortex (Pan)
  A plant (Lair:6)
  5 starspawn tentacles (Abyss:4)
  5 tentacles
5070 creatures vanquished.

Vanquished Creatures (collateral kills)
  Ereshkigal (Tar:7)
  2 pandemonium lords (Pan)
  An ancient lich (Vaults:5)
  Mennas (Crypt:3)
  A greater mummy (Tomb:1)
  4 shard shrikes
  Frederick (Crypt:3)
  Nikola (Vaults:3)
  3 bone dragons
  8 Tzitzimimeh
  3 iron giants (Dis:7)
  A doom hound (Tar:7)
  2 Brimstone Fiends (Geh:2)
  An electric golem (Zot:5)
  4 liches
  An Orb Guardian (Zot:5)
  2 Ice Fiends (Coc:7)
  5 acid blobs
  3 Executioners
  3 ancient champions
  3 sphinxes
  An eldritch tentacle (Tar:7)
  2 shadow dragons
  A draconian monk (Zot:4)
  Ilsuiw (Shoals:3)
  A fire giant (Depths:2)
  2 iron dragons (Dis:7)
  A ghost moth (Pan)
  5 cacodemons
  4 balrugs (Pan)
  A warmonger (Pan)
  3 vault wardens
  An angel (Abyss:3)
  A draconian annihilator (Crypt:2)
  A curse skull (Pan)
  2 deep elf elementalists
  An elemental wellspring (Coc:6)
  5 very ugly things
  A stone giant (Vaults:5)
  15 reapers
  A draconian caller (Zot:4)
  An ironheart preserver (Vaults:5)
  2 blood saints (Pan)
  A war gargoyle (Crypt:3)
  An entropy weaver (Vaults:4)
  A corrupter (Pan)
  2 deep elf demonologists (Crypt:2)
  2 deep elf annihilators
  2 black suns (Pan)
  2 lorocyprocas (Pan)
  5 yellow draconians
  An eidolon (Crypt:3)
  A mottled draconian (Zot:2)
  3 blizzard demons
  A deep elf death mage (Elf:3)
  2 death oozes (Slime:5)
  2 merfolk javelineers
  A crystal guardian (Crypt:3)
  A mummy priest (Tomb:2)
  5 green deaths
  A great orb of eyes (Slime:5)
  A merfolk impaler (Shoals:4)
  A yaktaur captain (Vaults:5)
  A rakshasa (Depths:4)
  5 ice dragons
  2 monstrous demonspawn (Pan)
  A hell beast (Pan)
  3 merfolk aquamancers
  4 dancing weapons
  An alligator snapping turtle (Shoals:4)
  A deep troll shaman (Depths:2)
  2 death scarabs (Tomb:1)
  A shock serpent (shapeshifter) (Vaults:5)
  A deep troll earth mage (Depths:2)
  8 sun demons
  A storm dragon zombie (Dis:7)
  2 titan zombies
  3 hell hogs
  10 soul eaters
  3 titan skeletons
  A shadow wraith (Pan)
  2 iron golems
  3 iron trolls
  32 skeletal warriors
  A storm dragon skeleton (Tar:1)
  2 sixfirhies (Pan)
  A sea snake (Shoals:4)
  2 wizards
  8 hell knights
  A death drake (Depths:2)
  A flayed ghost (Depths:4)
  An infernal demonspawn (Pan)
  A golden dragon skeleton (Tar:7)
  5 large abominations (Pan)
  4 shadow demons (Tar:7)
  3 gelid demonspawn (Pan)
  2 torturous demonspawn (Pan)
  A necromancer (Crypt:3)
  An ironbrand convoker (Vaults:5)
  An anaconda skeleton (Tar:5)
  A shadow dragon zombie (Tar:7)
  An orc sorcerer (Crypt:2)
  A stone giant zombie (Tar:2)
  A wolf spider zombie (Dis:7)
  A fire giant zombie (Coc:7)
  2 frost giant zombies
  2 ugly things
  A shadow dragon skeleton (Geh:3)
  A worldbinder (Abyss:3)
  4 stone giant skeletons
  An ice statue (Coc:7)
  2 dire elephant zombies
  A fire giant skeleton (Tar:7)
  A frost giant skeleton (Tar:7)
  An iron dragon skeleton (Geh:2)
  A water nymph (Shoals:3)
  2 sirens (Shoals:3)
  5 rust devils (Dis:7)
  2 molten gargoyles (Geh:7)
  2 spectral swamp worms (Tar:7)
  A dire elephant skeleton (Coc:7)
  6 hellions
  7 smoke demons (Pan)
  An orange demon (Pan)
  4 freezing wraiths (Coc:7)
  5 tormentors
  2 guardian mummies (Tomb:2)
  2 efreet (Pan)
  A yaktaur (Vaults:4)
  An ancient zyme (Abyss:3)
  A demonic crawler (Pan)
  7 ice devils
  A hellwing (Pan)
  5 red devils
  6 hydra zombies
  A merfolk (Shoals:3)
  A queen bee (Abyss:4)
  A bog body (Coc:7)
  A hornet (Depths:2)
  2 alligator zombies
  2 ettin zombies
  A hydra skeleton (Hell)
  3 slime creatures
  3 fire dragon zombies
  An alligator skeleton (Hell)
  19 flying skulls
  A tarantella (Vaults:4)
  3 ushabtiu
  3 fire dragon skeletons
  An ettin skeleton (Pan)
  A redback (Vaults:4)
  2 water elementals
  An ice dragon skeleton (Tar:7)
  3 shadows
  3 ynoxinuls (Pan)
  4 wraiths
  2 fire elementals (Hell)
  2 neqoxecs
  4 chaos spawn (Pan)
  A merfolk zombie (Dis:7)
  6 insubstantial wisps (Abyss:3)
  14 hell hounds
  2 spiny frog zombies (Coc:7)
  An ice beast (Coc:6)
  A spiny frog skeleton (Tar:1)
  2 necrophages
  A troll zombie (Coc:7)
  4 killer bees (Abyss:4)
  5 wights
  A spectral ogre (Depths:2)
  3 crimson imps
  2 small abominations (Abyss:3)
  4 starcursed masses (Abyss:3)
  3 jellies (Zot:4)
  2 iron imps
  A human skeleton (Coc:6)
  2 hell rats (Hell)
  A mummy (Dis:7)
  2 shadow imps
  A white imp (Coc:7)
  An ufetubus (Abyss:3)
  A crawling corpse (Vaults:4)
471 creatures vanquished.

Vanquished Creatures (others)
  11 eldritch tentacles
  2 fire giants
  A reaper (Tar:1)
  An elemental wellspring (Coc:7)
  A blood saint (Pan)
  A black draconian (Zot:1)
  An ice dragon (Coc:7)
  2 hell hogs (Geh:2)
  28 death scarabs
  A shock serpent (shapeshifter) (Vaults:2)
  A shadow demon (Tar:1)
  A wizard (Pan)
  A shadow dragon zombie (Tomb:2)
  A moth of wrath (Zot:4)
  A shining eye (Slime:1)
  A molten gargoyle (Geh:7)
  A tormentor (Coc:6)
  An efreet (Pan)
  An ice devil (Coc:7)
  A meliai (Abyss:4)
  A raiju (Abyss:4)
  A slime creature (Slime:3)
  A bog body (Coc:7)
  4 dancing weapons
  A shadow (Depths:2)
  20 flying skulls
  5 humans
  A fire bat (Pan)
  A golden eye (Pan)
  A neqoxec (Pan)
  A warg (Depths:2)
  2 insubstantial wisps (Abyss:3)
  A sky beast (shapeshifter) (Vaults:5)
  4 ogres
  2 wights (Geh:2)
  An iron imp (Dis:6)
  2 mummies (Tomb:2)
  3 white imps (IceCv)
  4 ufetubi (IceCv)
  9 ball lightnings (Pan)
  A bush (Abyss:3)
  A fire vortex (Pan)
  12 fungi
  A lurking horror (Abyss:4)
  24 plants
  15 starspawn tentacles
  22 tentacles
200 creatures vanquished.

Grand Total: 5741 creatures vanquished

Notes
Turn   | Place    | Note
-------+----------+-------------------------------------------
     0 | D:1      | EvilAshe the Human Fighter began the quest for the Orb.
     0 | D:1      | Reached XP level 1. HP: 18/18 MP: 1/1
    98 | D:1      | Reached XP level 2. HP: 16/24 MP: 2/2
   651 | D:1      | Reached XP level 3. HP: 23/29 MP: 3/3
  1360 | D:1      | Reached XP level 4. HP: 15/35 MP: 4/4
  1965 | D:2      | Reached XP level 5. HP: 33/41 MP: 5/5
  2444 | D:2      | Found an opulent altar of Gozag.
  2769 | D:3      | Noticed Terence
  2784 | D:3      | Killed Terence
  2854 | D:3      | Noticed a sky beast
  2878 | D:3      | Killed a sky beast
  2878 | D:3      | Reached XP level 6. HP: 15/48 MP: 6/6
  3162 | D:3      | Found a hide-covered altar of Uskayaw.
  3164 | D:3      | Noticed Robin
  3239 | D:3      | Killed Robin
  3286 | D:3      | Found a snail-covered altar of Cheibriados.
  3416 | D:3      | Found an ancient bone altar of Kikubaaqudgha.
  3423 | D:3      | Found a shadowy altar of Dithmenos.
  3423 | D:3      | Found a burning altar of Makhleb.
  3479 | D:3      | Found an iron altar of Okawaru.
  4006 | D:3      | Reached XP level 7. HP: 47/54 MP: 7/7
  4110 | D:4      | Found a shattered altar of Ashenzari.
  4233 | D:4      | Found a stormy altar of Qazlal.
  5127 | D:4      | Found a sparkling altar of Nemelex Xobeh.
  5427 | D:5      | Entered Level 5 of the Dungeon
  5480 | D:5      | Reached skill level 5 in Long Blades
  5480 | D:5      | Reached skill level 5 in Armour
  5535 | D:5      | Reached XP level 8. HP: 36/61 MP: 8/8
  5874 | D:5      | Found a shimmering altar of Xom.
  6473 | D:5      | Reached skill level 5 in Shields
  6615 | D:5      | Reached skill level 5 in Fighting
  7539 | D:6      | Reached XP level 9. HP: 68/68 MP: 9/9
  7977 | D:7      | Noticed a hippogriff
  7993 | D:7      | Killed a hippogriff
  8008 | D:7      | Found Omyfroc's Gadget Boutique.
  8119 | D:7      | Bought a wand of teleportation (5/9) for 351 gold pieces
  8128 | D:7      | Found a bloodstained altar of Trog.
  8209 | D:7      | Found a staircase to the Ecumenical Temple.
  8214 | Temple   | Entered the Ecumenical Temple
  8463 | D:7      | Found a sacrificial altar of Ru.
  8816 | D:8      | Noticed Erica
  8911 | D:8      | Reached XP level 10. HP: 55/77 MP: 10/10
  9038 | D:8      | Got a pitted plate armour
  9046 | D:7      | Identified the +14 plate armour of Indecent Exposure {*Corrode Str+4 SInv} (You found it on level 8 of the Dungeon)
  9069 | D:8      | Noticed a hill giant
  9332 | D:8      | Found a white marble altar of Elyvilon.
  9520 | D:8      | Found a faded altar of an unknown god.
  9520 | D:8      | Found a faded altar of an unknown god.
  9525 | D:8      | Found a shimmering altar of Xom.
  9527 | D:8      | Found a faded altar of an unknown god.
  9528 | D:8      | Found a faded altar of an unknown god.
  9696 | D:9      | Found a staircase to the Orcish Mines.
  9696 | D:9      | Found a staircase to the Lair.
  9989 | D:9      | Found a glowing golden altar of the Shining One.
  9992 | D:9      | Became a worshipper of the Shining One
 10720 | D:10     | Entered Level 10 of the Dungeon
 10802 | D:10     | Found Laemophy's Magic Scroll Shop.
 10805 | D:10     | Bought 2 scrolls of fog for 52 gold pieces
 10805 | D:10     | Bought a scroll of teleportation for 39 gold pieces
 10809 | D:10     | Reached XP level 11. HP: 84/84 MP: 11/11
 10943 | D:10     | Found Sisiyl's Jewellery Boutique.
 10951 | D:10     | Reached * piety under the Shining One
 11073 | D:10     | Found Nanafo's Antique Armour Shoppe.
 11220 | D:10     | Found Jonlulof's Gadget Shoppe.
 11529 | D:10     | Reached XP level 12. HP: 89/91 MP: 12/12
 11834 | D:11     | Noticed a five-headed hydra
 12013 | Orc:1    | Entered Level 1 of the Orcish Mines
 12059 | Orc:1    | Found a roughly hewn altar of Beogh.
 12474 | Orc:2    | Entered Level 2 of the Orcish Mines
 12480 | Orc:2    | Reached ** piety under the Shining One
 12754 | D:10     | Bought the amulet of the Four Winds {rN+ MR+++ Clar} for 388 gold pieces
 13525 | D:8      | Killed Erica
 13805 | Lair:1   | Entered Level 1 of the Lair of Beasts
 14789 | Lair:1   | Reached skill level 1 in Invocations
 14979 | Lair:2   | Reached skill level 1 in Dodging
 15001 | Lair:1   | Reached XP level 13. HP: 66/99 MP: 12/14
 15302 | Lair:2   | Learned a level 3 spell: Tukima's Dance
 15585 | Lair:2   | Reached skill level 1 in Hexes
 15824 | Lair:2   | Found a staircase to the Snake Pit.
 16156 | Lair:3   | Found a staircase to the Shoals.
 16416 | Lair:3   | Noticed a four-headed hydra
 16451 | Lair:3   | Killed a one-headed hydra
 16818 | Lair:3   | Noticed Sonja
 16842 | Lair:3   | Killed Sonja
 17406 | Lair:4   | Reached *** piety under the Shining One
 17804 | Lair:5   | Reached skill level 5 in Invocations
 17941 | Lair:5   | Reached skill level 10 in Armour
 18025 | Lair:4   | Reached skill level 10 in Shields
 18125 | Lair:4   | Noticed an eight-headed hydra
 18147 | Lair:4   | Killed a two-headed hydra
 18147 | Lair:4   | Reached XP level 14. HP: 105/109 MP: 18/18
 18535 | Lair:5   | Reached skill level 10 in Fighting
 18564 | Lair:5   | Found a staircase to the Slime Pits.
 19104 | Lair:6   | Entered Level 6 of the Lair of Beasts
 19119 | Lair:6   | Found a glowing silver altar of Zin.
 19486 | Lair:6   | Reached skill level 5 in Hexes
 19490 | Lair:6   | Reached **** piety under the Shining One
 20681 | Lair:6   | Reached XP level 15. HP: 84/115 MP: 20/20
 21456 | D:11     | Noticed a tengu reaver
 21457 | D:11     | Reached ***** piety under the Shining One
 21497 | D:11     | Killed a tengu reaver
 21736 | D:11     | Found a snail-covered altar of Cheibriados.
 22834 | D:13     | Noticed Maurice
 22850 | D:13     | Found a gate to the Vaults.
 22875 | D:13     | Killed Maurice
 23255 | D:13     | Gained mutation: You are partially covered in rugged brown scales. (AC +1, +3% HP) [potion of beneficial mutation]
 23256 | D:13     | Gained mutation: Your spells are a little harder to cast, but a little more powerful. [potion of beneficial mutation]
 23535 | D:14     | Noticed an orc warlord
 24274 | D:14     | Noticed Urug
 24297 | D:14     | Killed Urug
 24862 | D:14     | Found a roughly hewn altar of Beogh.
 24884 | D:14     | Reached XP level 16. HP: 125/125 MP: 21/21
 25123 | D:15     | Entered Level 15 of the Dungeon
 25183 | D:15     | Noticed a fire giant
 25504 | D:15     | Found a staircase to the Depths.
 25564 | D:15     | Reached ****** piety under the Shining One
 25632 | D:15     | Learned a level 2 spell: Repel Missiles
 26012 | Orc:2    | Reached skill level 10 in Hexes
 26249 | Orc:2    | Found Emebb's Book Emporium.
 26249 | Orc:2    | Found Teemagi's Armour Boutique.
 26250 | Orc:2    | Found Eceut's Magic Scroll Boutique.
 26250 | Orc:2    | Found Kafereru's Assorted Antiques.
 26268 | Orc:2    | Bought a scroll of teleportation for 78 gold pieces
 26268 | Orc:2    | Bought a potion of heal wounds for 130 gold pieces
 26442 | Orc:2    | Found a staircase to the Elven Halls.
 26749 | Snake:1  | Entered Level 1 of the Snake Pit
 28002 | Snake:2  | Reached XP level 17. HP: 117/133 MP: 23/23
 28577 | Snake:2  | Identified a scroll of acquirement
 29112 | Snake:3  | Found a frozen archway.
 29168 | IceCv    | Entered an ice cave
 29534 | IceCv    | Identified a +0 pair of boots of running (You found it in an ice cave)
 29638 | IceCv    | Noticed an Ice Fiend
 29642 | IceCv    | Noticed an Ice Fiend
 29655 | IceCv    | Killed an Ice Fiend
 29661 | IceCv    | Killed an Ice Fiend
 29714 | IceCv    | Got a translucent demon blade
 30172 | Snake:2  | Reached skill level 10 in Invocations
 31387 | Snake:4  | Entered Level 4 of the Snake Pit
 31809 | Snake:3  | Reached XP level 18. HP: 74/144 MP: 25/25
 33094 | Snake:3  | Reached skill level 1 in Charms
 33224 | Snake:4  | Reached skill level 1 in Air Magic
 34695 | Snake:4  | Got a serpentine rune of Zot
 34975 | Shoals:1 | Entered Level 1 of the Shoals
 34998 | Shoals:1 | Reached XP level 19. HP: 152/152 MP: 27/27
 35754 | Shoals:2 | Found Massiviy's Armour Shoppe.
 35840 | Shoals:2 | Found Detusu's Antique Weapon Shop.
 35973 | Shoals:2 | Found Ziusm's Magic Scroll Shoppe.
 35998 | Shoals:2 | Found Erosse Hiff's Armour Shoppe.
 36011 | Shoals:2 | Bought a scroll of fog for 30 gold pieces
 36011 | Shoals:2 | Bought a scroll of blinking for 112 gold pieces
 36011 | Shoals:2 | Bought a scroll of enchant weapon for 112 gold pieces
 36011 | Shoals:2 | Bought a scroll of fear for 52 gold pieces
 36629 | Shoals:3 | Noticed Ilsuiw
 36679 | Shoals:3 | Killed Ilsuiw
 36682 | Shoals:3 | Reached skill level 15 in Armour
 37154 | Shoals:3 | Reached skill level 15 in Shields
 37651 | Shoals:4 | Entered Level 4 of the Shoals
 37676 | Shoals:4 | Identified a +5 double sword of holy wrath (a +3 double sword of protection blessed by the Shining One)
 37676 | Shoals:4 | Received a gift from the Shining One
 37857 | Shoals:4 | Reached skill level 5 in Charms
 38647 | Shoals:4 | Got a barnacled rune of Zot
 38761 | Lair:1   | Reached skill level 5 in Air Magic
 38919 | Vaults:1 | Entered Level 1 of the Vaults
 39068 | Vaults:1 | Found a flickering gateway to a bazaar.
 39125 | Bazaar   | Entered a bazaar
 39126 | Bazaar   | Found Celeusis's Gadget Emporium.
 39134 | Bazaar   | Bought a wand of heal wounds (3/9) for 672 gold pieces
 39135 | Bazaar   | Found Voublenee's Distillery.
 39139 | Bazaar   | Found Buedinai's Weapon Shoppe.
 39149 | Bazaar   | Found Caemot's Food Shoppe.
 39154 | Bazaar   | Found Kune Veu's Armour Shop.
 39187 | Bazaar   | Bought a potion of resistance for 150 gold pieces
 39344 | D:10     | Bought a jewelled shield for 266 gold pieces
 39344 | D:10     | Identified the +3 shield of Surprise {Regen+} (You bought it in a shop on level 10 of the Dungeon)
 39760 | Vaults:1 | Reached skill level 15 in Long Blades
 39831 | Vaults:1 | Reached XP level 20. HP: 160/160 MP: 29/29
 40036 | Vaults:1 | Paralysed by a great orb of eyes for 5 turns
 41287 | Vaults:2 | Found a staircase to the Crypt.
 42738 | Vaults:3 | Reached XP level 21. HP: 165/168 MP: 30/30
 42980 | Vaults:3 | Identified the Compendium of the Cankerous Voyage
 44279 | Vaults:3 | Found a radiant altar of Vehumet.
 44309 | Vaults:3 | Noticed Nikola
 44323 | Vaults:3 | Killed Nikola
 45594 | Vaults:4 | Reached skill level 15 in Fighting
 45622 | Vaults:4 | Reached XP level 22. HP: 140/180 MP: 32/32
 46152 | Vaults:3 | Reached skill level 5 in Dodging
 46927 | Depths:1 | Entered Level 1 of the Depths
 46941 | Depths:1 | Found Gaskas's Specialty Armours.
 47143 | Depths:1 | Found a gateway to Hell.
 47212 | Depths:1 | Noticed the Enchantress
 47257 | Depths:1 | Killed the Enchantress
 47322 | Depths:1 | Got faerie dragon scales
 47817 | Depths:1 | Found Lotziunk's Assorted Antiques.
 47822 | Depths:1 | Bought a scroll of fog for 68 gold pieces
 48295 | Lair:1   | Gained mutation: Your flesh is heat resistant. (rF+) [potion of beneficial mutation]
 49198 | Depths:3 | Found Ihuciowk's Magic Scroll Emporium.
 49203 | Depths:3 | Found Filaur's Book Emporium.
 49206 | Depths:3 | Bought a scroll of enchant weapon for 112 gold pieces
 49458 | Depths:3 | Paralysed by a floating eye for 3 turns
 49578 | Depths:3 | Noticed Saint Roka
 49603 | Depths:3 | Killed Saint Roka
 49605 | Depths:3 | Reached XP level 23. HP: 141/189 MP: 33/33
 49938 | Depths:3 | Noticed a golden dragon
 49948 | Depths:3 | Killed a golden dragon
 50540 | Depths:3 | You fall through a shaft!
 50800 | Depths:4 | Reached skill level 10 in Dodging
 50900 | Depths:4 | Found a corrupted altar of Lugonu.
 50900 | Depths:4 | Found a one-way gate to the infinite horrors of the Abyss.
 51042 | Depths:3 | Found a one-way gate leading to the halls of Pandemonium.
 51769 | Depths:2 | Reached XP level 24. HP: 200/200 MP: 33/33
 51982 | Depths:2 | Got a polished shield
 51983 | Depths:2 | Identified the +0 shield "Benumigy" {Int+5} (You found it on level 2 of the Depths)
 52599 | Depths:4 | Found Tanaro's Gadget Shop.
 52599 | Depths:4 | Found Ytsoa's Jewellery Emporium.
 52600 | Depths:4 | Found Deymut's Jewellery Emporium.
 52609 | Depths:4 | Bought a wand of heal wounds (3/9) for 672 gold pieces
 52726 | Depths:5 | Entered Level 5 of the Depths
 52733 | Depths:5 | Noticed a juggernaut
 52754 | Depths:5 | Killed a juggernaut
 53030 | Depths:5 | Found Nauqua's Food Shop.
 53814 | Depths:5 | Noticed a golden dragon
 53841 | Depths:5 | Killed a golden dragon
 53872 | Depths:5 | Found a gate to the Realm of Zot.
 54269 | Elf:1    | Entered Level 1 of the Elven Halls
 54314 | Elf:1    | Noticed Donald
 54334 | Orc:2    | Killed Donald
 54447 | Elf:1    | Found a flickering gateway to a bazaar.
 54462 | Bazaar   | Entered a bazaar
 54476 | Bazaar   | Found Kitidef's Distillery.
 54506 | Bazaar   | Found Aleteh's Distillery.
 54538 | Bazaar   | Found Nagywia's Gadget Shoppe.
 54560 | Bazaar   | Found Ciunuati's Gadget Shoppe.
 54628 | Bazaar   | Bought 2 potions of resistance for 320 gold pieces
 54656 | Bazaar   | Bought a potion of haste for 140 gold pieces
 54656 | Bazaar   | Bought a potion of heal wounds for 70 gold pieces
 54656 | Bazaar   | Bought a potion of heal wounds for 70 gold pieces
 54684 | Bazaar   | Bought a potion of heal wounds for 80 gold pieces
 54684 | Bazaar   | Bought a potion of heal wounds for 80 gold pieces
 54684 | Bazaar   | Bought a potion of heal wounds for 80 gold pieces
 55419 | Elf:1    | Noticed Kirke
 55427 | Elf:1    | Killed Kirke
 55582 | Elf:2    | Found a runed gate.
 55587 | Elf:2    | Found a runed gate.
 55587 | Elf:2    | Found a runed gate.
 55621 | Elf:2    | Reached XP level 25. HP: 142/210 MP: 33/33
 55922 | Elf:3    | Entered Level 3 of the Elven Halls
 55986 | Elf:3    | Found Sucekaum's Jewellery Boutique.
 55987 | Elf:3    | Found Xenyn's Antique Weapon Shop.
 55987 | Elf:3    | Found Rawany's Distillery.
 55990 | Elf:3    | Found Eduidu's Antique Armour Shop.
 56011 | Elf:3    | Bought the amulet "Kodatael" {Regen+ Str+2 Int+4} for 992 gold pieces
 56017 | Elf:3    | Bought 2 potions of haste for 260 gold pieces
 57474 | Elf:3    | Got an amber-encrusted chain mail
 57475 | Elf:3    | Identified the +2 chain mail "Waepryst" {MR- Int+5} (You took it off a deep elf blademaster on level 3 of the Elven Halls)
 57725 | Elf:3    | Identified the Almanac of Shape Shifting and Weightlessness
 57738 | Elf:3    | Got a steaming helmet
 57739 | Elf:3    | Identified the cursed +0 helmet "Kukkatypp" {rElec rN+ Str-2 Dex+2} (You found it on level 3 of the Elven Halls)
 57842 | Elf:3    | Learned a level 5 spell: Silence
 58501 | Depths:2 | Voluntarily entered the Abyss.
 58501 | Abyss:1  | Found a corrupted altar of Lugonu.
 58636 | Abyss:1  | Found a corrupted altar of Lugonu.
 58885 | Abyss:3  | Found a corrupted altar of Lugonu.
 59343 | Abyss:3  | Gained mutation: Your body sometimes deteriorates upon taking damage. [a neqoxec]
 59344 | Abyss:3  | Lost mutation: Your body sometimes deteriorates upon taking damage. [you]
 59434 | Abyss:3  | Paralysed by accursed screaming for 1 turns
 59510 | Abyss:3  | Found a shadowy altar of Dithmenos.
 59538 | Abyss:3  | Found a glowing golden altar of the Shining One.
 59565 | Abyss:3  | Found a corrupted altar of Lugonu.
 59902 | Abyss:3  | Gained mutation: You occasionally shout uncontrollably at your foes. [a neqoxec]
 60060 | Abyss:3  | Reached XP level 26. HP: 221/221 MP: 33/33
 60139 | Abyss:4  | Got an abyssal rune of Zot
 60546 | Depths:2 | Escaped the Abyss
 60857 | Crypt:1  | Entered Level 1 of the Crypt
 62428 | Crypt:2  | Found a runed door.
 62521 | Crypt:2  | Reached skill level 15 in Dodging
 62544 | Crypt:2  | Noticed an ancient lich
 62553 | Crypt:2  | Killed an ancient lich
 62580 | Crypt:2  | Got an ancient shield
 62581 | Crypt:2  | Identified the +1 shield of Imperfection {Int-2 Slay+5} (You found it on level 2 of the Crypt)
 62807 | Crypt:3  | Entered Level 3 of the Crypt
 62815 | Crypt:3  | Reached XP level 27. HP: 229/229 MP: 33/33
 62871 | Crypt:3  | Noticed Mennas
 62902 | Crypt:3  | Killed Mennas
 63022 | Crypt:3  | Noticed Frederick
 63037 | Crypt:3  | Killed Frederick
 63173 | Crypt:3  | Reached skill level 10 in Air Magic
 63253 | Crypt:3  | Noticed an ancient lich
 63262 | Crypt:3  | Killed an ancient lich
 63268 | Crypt:3  | Found a basalt altar of Yredelemnul.
 63643 | Crypt:3  | Found a staircase to the Tomb.
 63883 | Vaults:5 | Entered Level 5 of the Vaults
 64327 | Vaults:5 | Noticed an ancient lich
 64344 | Vaults:4 | Killed an ancient lich
 66096 | Vaults:5 | Noticed an ancient lich
 66143 | Vaults:4 | Got a translucent marble ring
 66152 | Vaults:4 | Identified the ring of Sif Muna's Anger {MR+ Str+4 Int+6 Dex+4} (You acquired it on level 4 of the Vaults)
 66211 | Vaults:5 | Killed an ancient lich
 66530 | Vaults:5 | Got a clouded silver ring
 66531 | Vaults:5 | Identified the ring "Nostrenum" {*Contam rPois MR+ Str+2 Dex+3} (You took it off a vault warden on level 5 of the Vaults)
 66665 | Vaults:5 | Reached skill level 15 in Hexes
 66899 | Vaults:5 | Got a silver rune of Zot
 67442 | D:13     | Got a slimy emerald amulet
 67443 | D:13     | Identified the amulet of Knowledge {+Rage Int+2} (You acquired it on level 13 of the Dungeon)
 67514 | D:10     | Bought a scroll of enchant armour for 97 gold pieces
 67603 | Orc:2    | Bought a scroll of enchant armour for 82 gold pieces
 67765 | Slime:1  | Entered Level 1 of the Pits of Slime
 68086 | Slime:2  | Gained mutation: Scrolls take you a little longer to read. [a shining eye]
 68657 | Slime:4  | Noticed Dissolution
 68676 | Slime:3  | Killed Dissolution
 69159 | Slime:5  | Entered Level 5 of the Pits of Slime
 69280 | Slime:5  | Gained mutation: You are frail. (-10% HP) [a shining eye]
 69403 | Slime:5  | Lost mutation: Your flesh is heat resistant. (rF+) [a shining eye]
 69405 | Slime:5  | Gained mutation: You are occasionally teleported next to monsters. [a shining eye]
 69423 | Slime:5  | Gained mutation: You are dopey. (Int -2) [a shining eye]
 69651 | Slime:5  | Noticed the Royal Jelly
 69814 | Slime:5  | Killed the Royal Jelly
 70422 | Slime:5  | Got a translucent ivory ring
 70526 | Slime:5  | Got a slimy rune of Zot
 70774 | Lair:1   | Identified the ring of Xom's Favour {rPois rF- Dex+4 Stlth-} (You found it on level 5 of the Pits of Slime)
 70986 | Hell     | Entered the Vestibule of Hell
 70986 | Hell     | Noticed Geryon
 70998 | Hell     | Killed Geryon
 71038 | Hell     | Noticed Murray
 71054 | Hell     | Killed Murray
 71107 | Hell     | Found a gateway to the Iron City of Dis.
 71352 | Hell     | Found a gateway to the decaying netherworld of Tartarus.
 71494 | Hell     | Found a gateway to the ashen valley of Gehenna.
 71788 | Lair:1   | Lost mutation: Scrolls take you a little longer to read. [potion of cure mutation]
 71788 | Lair:1   | Lost mutation: You are frail. (-10% HP) [potion of cure mutation]
 71788 | Lair:1   | Lost mutation: You are dopey. (Int -2) [potion of cure mutation]
 71788 | Lair:1   | Lost mutation: You occasionally shout uncontrollably at your foes. [potion of cure mutation]
 71788 | Lair:1   | Lost mutation: Your spells are a little harder to cast, but a little more powerful. [potion of cure mutation]
 71788 | Lair:1   | Lost mutation: You are partially covered in rugged brown scales. (AC +1, +3% HP) [potion of cure mutation]
 72013 | Hell     | Found a gateway to the freezing wastes of Cocytus.
 72069 | Coc:1    | Entered Level 1 of Cocytus
 72197 | Coc:1    | Noticed a shard shrike
 72210 | Coc:1    | Killed a shard shrike
 72320 | Coc:1    | Noticed a shard shrike
 72341 | Coc:1    | Killed a shard shrike
 72950 | Coc:3    | Noticed a shard shrike
 72973 | Coc:3    | Killed a shard shrike
 73116 | Coc:4    | Noticed a shard shrike
 73125 | Coc:4    | Noticed a shard shrike
 73126 | Coc:4    | Noticed a shard shrike
 73143 | Coc:4    | Killed a shard shrike
 73160 | Coc:4    | Killed a shard shrike
 73162 | Coc:4    | Killed a shard shrike
 73315 | Coc:6    | Noticed a shard shrike
 73337 | Coc:6    | Killed a shard shrike
 73337 | Coc:6    | Reached skill level 15 in Air Magic
 73747 | Coc:7    | Entered Level 7 of Cocytus
 74199 | Coc:7    | Noticed Antaeus
 74225 | Coc:7    | Noticed a shard shrike
 74238 | Coc:7    | Killed a shard shrike
 74238 | Coc:7    | Reached skill level 15 in Invocations
 74594 | Coc:7    | Killed Antaeus
 74645 | Coc:7    | Noticed a shard shrike
 74645 | Coc:7    | Noticed a shard shrike
 74646 | Coc:7    | Noticed a shard shrike
 74646 | Coc:7    | Noticed a shard shrike
 74763 | Coc:7    | Noticed a shard shrike
 74768 | Coc:7    | Killed a shard shrike
 74793 | Coc:7    | Noticed a shard shrike
 74801 | Coc:7    | Killed a shard shrike
 74972 | Coc:7    | Got a vibrating tin ring
 74977 | Coc:7    | Identified the ring "Cauczyhe" {Int+4 SInv} (You found it on level 7 of Cocytus)
 75002 | Coc:7    | Noticed a shard shrike
 75002 | Coc:7    | Noticed a shard shrike
 75005 | Coc:7    | Noticed a shard shrike
 75013 | Coc:7    | Killed a shard shrike
 75016 | Coc:7    | Killed a shard shrike
 75023 | Coc:7    | Killed a shard shrike
 75079 | Coc:7    | Killed a shard shrike
 75088 | Coc:7    | Killed a shard shrike
 75092 | Coc:7    | Killed a shard shrike
 75095 | Coc:7    | Killed a shard shrike
 75252 | Coc:7    | Got a vibrating glass ring
 75253 | Coc:7    | Identified the ring of Light {Ice +Inv rElec Str-5 SInv} (You found it on level 7 of Cocytus)
 75257 | Coc:7    | Got an icy rune of Zot
 75435 | Tar:1    | Entered Level 1 of Tartarus
 78190 | Tar:7    | Entered Level 7 of Tartarus
 78914 | Tar:7    | Got a slimy wooden ring
 78915 | Tar:7    | Identified the ring "Plog" {Wiz *Slow +Blink rF+ Slay+3} (You found it on level 7 of Tartarus)
 79730 | Tar:7    | Noticed Ereshkigal
 79741 | Tar:7    | Killed Ereshkigal
 79757 | Tar:7    | Got a bone rune of Zot
 79764 | Tar:7    | Identified the Volume of the Frostbite and Lightness
 80013 | Geh:1    | Entered Level 1 of Gehenna
 81088 | Geh:7    | Entered Level 7 of Gehenna
 81709 | Geh:7    | Noticed Asmodeus
 81744 | Geh:7    | Killed Asmodeus
 81755 | Geh:7    | Got an obsidian rune of Zot
 81836 | Geh:7    | Identified Woisewn's Grimoire of Venom and Feathers
 82113 | Dis:1    | Entered Level 1 of the Iron City of Dis
 83897 | Dis:7    | Entered Level 7 of the Iron City of Dis
 84051 | Dis:7    | Gained mutation: You occasionally shout uncontrollably at your foes. [a cacodemon]
 84099 | Dis:7    | Gained mutation: Scrolls take you a little longer to read. [a cacodemon]
 84227 | Dis:7    | Gained mutation: You have a somewhat thin skeletal structure. (Dex +2, Stealth) [a cacodemon]
 84266 | Dis:7    | Identified the Incunabulum of Stolen Souls and the Volcanoes
 84274 | Dis:7    | Identified the Compendium of Supportive Unholy Rites
 84280 | Dis:7    | Identified Satolit's Almanac of the Dusty Compass
 84296 | Dis:7    | Lost mutation: Scrolls take you a little longer to read. [potion of cure mutation]
 84296 | Dis:7    | Lost mutation: You are occasionally teleported next to monsters. [potion of cure mutation]
 84296 | Dis:7    | Lost mutation: You have a somewhat thin skeletal structure. (Dex +2, Stealth) [potion of cure mutation]
 84296 | Dis:7    | Lost mutation: You occasionally shout uncontrollably at your foes. [potion of cure mutation]
 85896 | Dis:7    | Noticed the Serpent of Hell
 85914 | Dis:7    | Killed the Serpent of Hell
 85962 | Dis:7    | Noticed Dispater
 85987 | Dis:7    | Killed Dispater
 86044 | Dis:7    | Identified the Incunabulum of the Traveller
 86051 | Dis:7    | Got an iron rune of Zot
 86052 | Dis:7    | Identified the Grimoire of Ice
 86247 | Hell     | Reached skill level 27 in Armour
 86463 | Lair:1   | Learned a level 8 spell: Controlled Blink
 86768 | Tomb:1   | Entered Level 1 of the Tomb of the Ancients
 86855 | Tomb:1   | Reached skill level 1 in Translocations
 86994 | Tomb:1   | Noticed a greater mummy
 86998 | Tomb:1   | Noticed a greater mummy
 87189 | Tomb:1   | Killed a greater mummy
 87485 | Tomb:1   | Killed a greater mummy
 87916 | Tomb:2   | Noticed a greater mummy
 87916 | Tomb:2   | Noticed a greater mummy
 88104 | Tomb:2   | Noticed a greater mummy
 88246 | Tomb:1   | Killed a greater mummy
 88262 | Tomb:2   | Noticed a greater mummy
 88403 | Tomb:1   | Killed a greater mummy
 88518 | Tomb:1   | Killed a greater mummy
 88520 | Tomb:1   | Killed a greater mummy
 88674 | Tomb:1   | Reached skill level 5 in Translocations
 89221 | Tomb:1   | Noticed a greater mummy
 89221 | Tomb:1   | Noticed a greater mummy
 89298 | Tomb:1   | Killed a greater mummy
 89307 | Tomb:1   | Noticed a greater mummy
 89313 | Tomb:1   | Killed a greater mummy
 89315 | Tomb:1   | Noticed a greater mummy
 89410 | Tomb:1   | Killed a greater mummy
 89418 | Tomb:1   | Killed a greater mummy
 89445 | Tomb:1   | Noticed a greater mummy
 89460 | Tomb:1   | Killed a greater mummy
 89588 | Tomb:1   | Noticed a greater mummy
 89598 | Tomb:1   | Noticed a greater mummy
 89599 | Tomb:1   | Killed a greater mummy
 89672 | Tomb:1   | Killed a greater mummy
 89722 | Tomb:1   | Noticed a greater mummy
 89722 | Tomb:1   | Noticed a greater mummy
 89766 | Tomb:2   | Killed a greater mummy
 89868 | Tomb:1   | Killed a greater mummy
 89919 | Tomb:1   | Noticed a greater mummy
 89929 | Tomb:1   | Killed a greater mummy
 89935 | Tomb:1   | Noticed a greater mummy
 89944 | Tomb:1   | Noticed a greater mummy
 89946 | Tomb:1   | Killed a greater mummy
 89956 | Tomb:1   | Killed a greater mummy
 90076 | Tomb:1   | Noticed a greater mummy
 90086 | Tomb:1   | Killed a greater mummy
 90112 | Tomb:1   | Noticed a greater mummy
 90112 | Tomb:1   | Noticed a greater mummy
 90117 | Tomb:1   | Noticed a greater mummy
 90117 | Tomb:1   | Killed a greater mummy
 90122 | Tomb:1   | Killed a greater mummy
 90167 | Tomb:1   | Killed a greater mummy
 90219 | Tomb:1   | Noticed a greater mummy
 90229 | Tomb:1   | Killed a greater mummy
 90332 | Tomb:1   | Noticed a greater mummy
 90340 | Tomb:1   | Killed a greater mummy
 90667 | Tomb:3   | Entered Level 3 of the Tomb of the Ancients
 90785 | Tomb:3   | Noticed an ancient lich
 90796 | Tomb:3   | Noticed a greater mummy
 91032 | Tomb:2   | Killed an ancient lich
 91180 | Tomb:2   | Killed a greater mummy
 91536 | Tomb:3   | Noticed a greater mummy
 91566 | Tomb:3   | Noticed a greater mummy
 91757 | Tomb:2   | Killed a greater mummy
 92107 | Tomb:3   | Noticed a greater mummy
 92168 | Tomb:2   | Killed a greater mummy
 92345 | Tomb:2   | Killed a greater mummy
 92607 | Tomb:3   | Noticed a greater mummy
 92612 | Tomb:3   | Noticed a greater mummy
 92618 | Tomb:3   | Killed a greater mummy
 92623 | Tomb:3   | Killed a greater mummy
 92636 | Tomb:3   | Got a golden rune of Zot
 93692 | Pan      | Entered Pandemonium
 93963 | Pan      | Reached skill level 10 in Translocations
 93971 | Pan      | Noticed Gainuett the pandemonium lord
 94019 | Pan      | Killed Gainuett the pandemonium lord
 94309 | Pan      | Found an exit through the horrors of the Abyss.
 94410 | Pan      | Noticed Xoczuny the pandemonium lord
 94419 | Pan      | Killed Xoczuny the pandemonium lord
 94419 | Pan      | Reached skill level 27 in Fighting
 94544 | Pan      | Noticed Variuj the pandemonium lord
 94735 | Pan      | Killed Variuj the pandemonium lord
 95111 | Pan      | Found a runed door.
 95117 | Pan      | Gained mutation: Your body sometimes deteriorates upon taking damage. [a neqoxec]
 95135 | Pan      | HP: 5/249 [sixfirhy[a cacodemon] (12)]
 95357 | Pan      | Found an exit through the horrors of the Abyss.
 95498 | Pan      | Gained mutation: Scrolls take you a little longer to read. [a cacodemon]
 95510 | Pan      | Noticed Loenebum the pandemonium lord
 95524 | Pan      | Killed Loenebum the pandemonium lord
 95530 | Pan      | Got a demonic rune of Zot
 95587 | Pan      | Found an exit through the horrors of the Abyss.
 95625 | Pan      | Noticed Qetsimu the pandemonium lord
 95639 | Pan      | Gained mutation: Potions and wands are less effective at restoring your health. [a cacodemon]
 95678 | Pan      | Killed Qetsimu the pandemonium lord
 95740 | Pan      | Noticed Agionuel the pandemonium lord
 95773 | Pan      | Killed Agionuel the pandemonium lord
 96110 | Pan      | Noticed Ketzeopt the pandemonium lord
 96123 | Pan      | Killed Ketzeopt the pandemonium lord
 96129 | Pan      | Gained mutation: Potions and wands are poor at restoring your health. [a cacodemon]
 96293 | Pan      | Noticed Rada the pandemonium lord
 96297 | Pan      | HP: 3/248 [Rada the pandemonium lord (41)]
 96297 | Pan      | The Shining One protects you from harm!
 96522 | Pan      | Killed Rada the pandemonium lord
 96734 | Pan      | Lost mutation: Potions and wands are poor at restoring your health. [potion of cure mutation]
 96734 | Pan      | Lost mutation: Your body sometimes deteriorates upon taking damage. [potion of cure mutation]
 96734 | Pan      | Lost mutation: Scrolls take you a little longer to read. [potion of cure mutation]
 96734 | Pan      | Lost mutation: Potions and wands are less effective at restoring your health. [potion of cure mutation]
 97193 | Pan      | Gained mutation: You are dopey. (Int -2) [a neqoxec]
 97686 | Pan      | Found an exit through the horrors of the Abyss.
 98069 | Pan      | Noticed Modiak the pandemonium lord
 98102 | Pan      | Killed Modiak the pandemonium lord
 98616 | Pan      | Found an exit through the horrors of the Abyss.
 99004 | Pan      | Found an exit through the horrors of the Abyss.
 99034 | Pan      | Noticed Wosodatz the pandemonium lord
 99089 | Pan      | Killed Wosodatz the pandemonium lord
 99132 | Pan      | Gained mutation: You expend magic power (3 MP) to strengthen your wands. [a neqoxec]
 99134 | Pan      | Gained mutation: You occasionally shout uncontrollably at your foes. [a neqoxec]
 99639 | Pan      | Noticed Atzaul the pandemonium lord
 99650 | Pan      | Reached skill level 15 in Translocations
100110 | Pan      | Noticed Yruqeamp the pandemonium lord
100421 | Pan      | Killed Yruqeamp the pandemonium lord
100473 | Pan      | Got a bloodstained scimitar
100474 | Pan      | Identified the +1 scimitar "Geemmeha" {holy, Str+4} (You found it in Pandemonium)
100510 | Pan      | Found an exit through the horrors of the Abyss.
101222 | Pan      | Noticed Bith the pandemonium lord
101409 | Pan      | Found a runed door.
101460 | Pan      | Found an exit through the horrors of the Abyss.
101549 | Pan      | Reached skill level 27 in Invocations
101641 | Pan      | Found a runed door.
101672 | Pan      | Found a runed door.
101672 | Pan      | Noticed Peafadu the pandemonium lord
101674 | Pan      | Found a runed door.
101674 | Pan      | Found a runed door.
101692 | Pan      | Killed Peafadu the pandemonium lord
102010 | Pan      | Entered the realm of Mnoleg.
102011 | Pan      | Found an exit through the horrors of the Abyss.
102085 | Pan      | Gained mutation: You have large cloven feet. [a cacodemon]
102280 | Pan      | Gained mutation: You regenerate slowly when monsters are visible. [a cacodemon]
102313 | Pan      | Gained mutation: You are frail. (-10% HP) [a neqoxec]
102314 | Pan      | Gained mutation: Scrolls take you a little longer to read. [a neqoxec]
102360 | Pan      | Gained mutation: Your body sometimes deteriorates upon taking damage. [a neqoxec]
102437 | Pan      | Reached skill level 27 in Dodging
102440 | Pan      | Gained mutation: You are very frail. (-20% HP) [a neqoxec]
102449 | Pan      | Gained mutation: You tend to lose your temper in combat. [a neqoxec]
102459 | Pan      | Noticed Mnoleg
102628 | Pan      | Killed Mnoleg
102649 | Pan      | Got a glowing rune of Zot
102704 | Pan      | Lost mutation: Scrolls take you a little longer to read. [potion of cure mutation]
102704 | Pan      | Lost mutation: You regenerate slowly when monsters are visible. [potion of cure mutation]
102704 | Pan      | Lost mutation: Your body sometimes deteriorates upon taking damage. [potion of cure mutation]
102705 | Pan      | Lost mutation: You are dopey. (Int -2) [potion of cure mutation]
102705 | Pan      | Lost mutation: You have large cloven feet. [potion of cure mutation]
102705 | Pan      | Lost mutation: You are very frail. (-20% HP) [potion of cure mutation]
102705 | Pan      | Lost mutation: You expend magic power (3 MP) to strengthen your wands. [potion of cure mutation]
102705 | Pan      | Lost mutation: You are frail. (-10% HP) [potion of cure mutation]
102705 | Pan      | Lost mutation: You occasionally shout uncontrollably at your foes. [potion of cure mutation]
102792 | Pan      | Gained mutation: Potions and wands are less effective at restoring your health. [a neqoxec]
102795 | Pan      | Gained mutation: You expend magic power (3 MP) to strengthen your wands. [a neqoxec]
102798 | Pan      | Gained mutation: You are dopey. (Int -2) [a neqoxec]
102852 | Pan      | Found an exit through the horrors of the Abyss.
103134 | Pan      | Paralysed by accursed screaming for 1 turns
103269 | Pan      | Gained mutation: Your spells are a little easier to cast, but a little less powerful. [a neqoxec]
103327 | Pan      | Entered the realm of Cerebov.
103384 | Pan      | Found an exit through the horrors of the Abyss.
103566 | Pan      | Noticed Cerebov
103823 | Pan      | Killed Cerebov
103832 | Pan      | Got a fiery rune of Zot
104058 | Pan      | Noticed Ferph the pandemonium lord
104077 | Pan      | Cast into level 4 of the Abyss (Ferph)
104117 | Abyss:4  | Found a corrupted altar of Lugonu.
104283 | Pan      | Escaped the Abyss
104300 | Pan      | Killed Ferph the pandemonium lord
104604 | Pan      | Gained mutation: You have sharp toenails. [potion of beneficial mutation]
104665 | Pan      | Entered the realm of Lom Lobon.
104724 | Pan      | Identified the Tome of the Compass and Weightlessness
104728 | Pan      | Found an exit through the horrors of the Abyss.
104919 | Pan      | Noticed Lom Lobon
104943 | Pan      | Killed Lom Lobon
105162 | Pan      | Got a magical rune of Zot
105394 | Pan      | Noticed Neuh the pandemonium lord
105407 | Pan      | Killed Neuh the pandemonium lord
105549 | Pan      | Found an exit through the horrors of the Abyss.
105668 | Pan      | Lost mutation: You tend to lose your temper in combat. [potion of cure mutation]
105668 | Pan      | Lost mutation: Your spells are a little easier to cast, but a little less powerful. [potion of cure mutation]
105668 | Pan      | Lost mutation: You are dopey. (Int -2) [potion of cure mutation]
105668 | Pan      | Lost mutation: You expend magic power (3 MP) to strengthen your wands. [potion of cure mutation]
105668 | Pan      | Lost mutation: You have sharp toenails. [potion of cure mutation]
106502 | Pan      | Gained mutation: You are dopey. (Int -2) [a neqoxec]
106503 | Pan      | Gained mutation: You tend to lose your temper in combat. [a neqoxec]
106589 | Pan      | Found an exit through the horrors of the Abyss.
106714 | Pan      | Found an exit through the horrors of the Abyss.
106749 | Pan      | Noticed Voruob the pandemonium lord
106786 | Pan      | Killed Voruob the pandemonium lord
106884 | Pan      | Noticed Dessyr the pandemonium lord
106897 | Pan      | Killed Dessyr the pandemonium lord
106957 | Pan      | Entered the realm of Gloorx Vloq.
107203 | Pan      | Found an exit through the horrors of the Abyss.
107492 | Pan      | Noticed Gloorx Vloq
107866 | Pan      | Killed Gloorx Vloq
108069 | Pan      | Got a dark rune of Zot
108199 | Depths:2 | Escaped Pandemonium
108398 | Zot:1    | Entered Level 1 of the Realm of Zot
109883 | Zot:5    | Entered Level 5 of the Realm of Zot
110478 | Zot:5    | Noticed an ancient lich
110484 | Zot:5    | Killed an ancient lich
110644 | Zot:5    | Noticed an orb of fire
110664 | Zot:5    | Killed an orb of fire
110671 | Zot:5    | Noticed an orb of fire
110671 | Zot:5    | Lost mutation: Potions and wands are less effective at restoring your health. [an orb of fire]
110680 | Zot:5    | Gained mutation: Your body sometimes deteriorates upon taking damage. [an orb of fire]
110682 | Zot:5    | Gained mutation: Your spells are a little easier to cast, but a little less powerful. [an orb of fire]
110686 | Zot:5    | Killed an orb of fire
111334 | Zot:5    | Got the Orb of Zot
111348 | Zot:5    | Noticed Dirygiy the pandemonium lord
111348 | Zot:5    | Noticed an ancient lich
111360 | Zot:5    | Noticed an ancient lich
111367 | Zot:5    | Killed an ancient lich
111675 | Depths:3 | Noticed Dotiamp the pandemonium lord
112061 | D:2      | Noticed Aconwer the pandemonium lord
112126 | D:$      | Escaped with the Orb!

Skill      XL: |  1  2  3  4  5  6  7  8  9 10 11 12 13 14 15 16 17 18 19 20 21 22 23 24 25 26 27 |
---------------+----------------------------------------------------------------------------------+-----
Long Blades    | 3 4 5 6 8 13 14 15 16 22 | 22.1
Fighting       | 4 5 6 7 8 9 10 11 12 13 15 16 17 18 19 27 | 27.0
Armour         | 4 5 6 7 9 10 11 12 13 14 15 16 17 18 19 20 21 27 | 27.0
Shields        | 4 5 6 7 8 10 11 12 13 14 15 | 15.2
Invocations    | 1 5 7 9 10 11 12 13 14 27 | 27.0
Dodging        | 1 2 4 8 10 12 14 15 27 | 27.0
Hexes          | 3 6 9 10 11 12 17 | 17.0
Charms         | 3 5 |  5.9
Air Magic      | 3 5 7 9 15 | 15.2
Translocations | 25 | 25.0

Action                   |  1- 3 |  4- 6 |  7- 9 | 10-12 | 13-15 | 16-18 | 19-21 | 22-24 | 25-27 || total
-------------------------+-------+-------+-------+-------+-------+-------+-------+-------+-------++-------
Melee: Long sword        |   130 |   304 |   667 |   600 |       |       |       |       |       ||  1701
       Scimitar          |       |       |       |   124 |  1289 |  1744 |   309 |       |       ||  3466
       Double sword      |       |       |       |       |       |       |  1563 |  1577 | 11000 || 14140
 Cast: Tukima's Dance    |       |       |       |       |       |       |    10 |     2 |     1 ||    13
       Repel Missiles    |       |       |       |       |       |       |     3 |     7 |    23 ||    33
       Silence           |       |       |       |       |       |       |       |       |    18 ||    18
Invok: Divine Shield     |       |       |       |       |     3 |     6 |     6 |     7 |    89 ||   111
       Summon Divine War |       |       |       |       |       |       |     4 |     6 |   116 ||   126
       Brand Weapon With |       |       |       |       |       |       |     1 |       |       ||     1
 Abil: Evoke Flight      |       |       |       |       |       |       |       |       |    15 ||    15
Evoke: Wand              |       |       |     6 |     4 |     2 |     3 |     3 |     1 |    37 ||    56
  Use: Potion            |       |     1 |       |     2 |     3 |     1 |     3 |     4 |    54 ||    68
       Scroll            |       |     3 |     8 |     9 |    13 |    12 |    13 |     9 |    75 ||   142
 Stab: Distracted        |       |       |       |       |       |       |       |       |     1 ||     1
  Eat: Chunk             |     2 |     9 |    15 |    20 |    31 |    11 |    25 |    29 |    33 ||   175
       Royal jelly       |       |       |     1 |     1 |     2 |       |       |       |     9 ||    13
       Fruit             |       |       |       |     2 |       |    11 |     3 |       |    19 ||    35
       Pizza             |       |       |       |     1 |       |       |       |     1 |     6 ||     8
       Meat ration       |       |       |       |       |       |     3 |     2 |     1 |    31 ||    37
       Beef jerky        |       |       |       |       |       |       |       |     1 |     5 ||     6
       Bread ration      |       |       |       |       |       |       |       |       |     1 ||     1
Armor: Scale mail        |    63 |   108 |    31 |       |       |       |       |       |       ||   202
       Plate armour      |       |       |   374 |   381 |   462 |   675 |   858 |   545 |   690 ||  3985
       Gold dragon scale |       |       |       |       |       |       |       |       |  2970 ||  2970
Dodge: Dodged            |    43 |    79 |    96 |   147 |   167 |   177 |   363 |   417 |  4591 ||  6080
       Deflected         |       |       |       |       |       |       |     8 |    30 |    66 ||   104
Block: Shield            |    78 |   151 |   337 |   405 |   562 |       |  1083 |  1135 |  9178 || 12929
       Large shield      |       |       |       |       |    41 |  1553 |   618 |       |       ||  2212
       Rpst.: Long sword |    12 |    28 |    27 |    41 |       |       |       |       |       ||   108
       Scimitar          |       |       |       |     8 |    37 |    34 |    11 |       |       ||    90
       Double sword      |       |       |       |       |       |       |    65 |    81 |   887 ||  1033
